 Dungeon Crawl Stone Soup version 0.16.1 (webtiles) character file.

2980 Fiveotanaka the Basher (level 9, -7/68 HPs)
             Began as a Minotaur Assassin on Mar 24, 2015.
             Was an Initiate of Ru.
             Mangled by a hill giant
             ... wielding a +0 giant spiked club
              (33 damage)
             ... on level 8 of the Dungeon.
             The game lasted 00:17:21 (9064 turns).

Fiveotanaka the Basher (Minotaur Assassin)          Turns: 9064, Time: 00:17:22

Health: -7/68      AC: 10    Str: 17    XL:     9   Next: 53%
Magic:  4/4        EV: 15    Int:  8    God:    Ru [......]
Gold:   486        SH:  0    Dex: 14    Spells: 0 memorised, 8 levels left

rFire  + . .     SeeInvis .     s - +0 flail
rCold  . . .     Clarity  .     M - +2 scale mail {rF+}
rNeg   . . .     SustAb   .     (no shield)
rPois  +         Gourm    .     (helmet restricted)
rElec  .         Spirit   .     S - +0 cloak {rPois}
rCorr  .         Warding  .     (no gloves)
rMut   +         Stasis   .     (no boots)
MR     +....                    h - amulet of resist mutation (curse)
Stlth  +.........               O - ring of protection from magic
                                z - +3 ring of evasion

@: somewhat resistant to hostile enchantments, very unstealthy
A: retaliatory headbutt, horns 2
a: Renounce Religion


You were on level 8 of the Dungeon.
You worshipped Ru.
Ru was noncommittal.
You were very hungry.

You visited 2 branches of the dungeon, and saw 9 of its levels.
You also visited: Ossuary.

You collected 486 gold pieces.

Inventory:

Hand weapons
 a - a +2 dagger
 b - a +0 blowgun
 i - a +0 club
 s - a +0 flail (weapon)
Missiles
 e - 15 poisoned needles
 f - 2 curare-tipped needles
 L - a throwing net (quivered)
Armour
 x - a +2 cloak
 M - a +2 scale mail of fire resistance (worn)
 S - a +0 cloak of poison resistance (worn)
Jewellery
 h - a cursed amulet of resist mutation (around neck)
 o - a +3 ring of intelligence
 z - a +3 ring of evasion (left hand)
 O - a ring of protection from magic (right hand)
 Q - an uncursed amulet of resist corrosion
Magical devices
 c - a wand of paralysis (11)
 P - a wand of flame (6)
Scrolls
 d - 2 scrolls of enchant weapon
 k - 4 scrolls of magic mapping
 l - 3 scrolls of teleportation
 q - 4 scrolls of identify
 u - a scroll of recharging
 w - a scroll of blinking {unknown}
 y - 2 scrolls of vulnerability {unknown}
 A - 2 scrolls of fear {unknown}
 G - a scroll of noise {unknown}
 H - 6 scrolls of remove curse
 K - a scroll of brand weapon {unknown}
Potions
 m - a potion of resistance {unknown}
 n - a potion of invisibility {unknown}
 p - 5 potions of poison {unknown}
 r - 4 potions of restore abilities {unknown}
 v - 2 potions of heal wounds {unknown}
 B - 2 potions of mutation {unknown}
 C - 2 potions of curing {unknown}
 D - 2 potions of flight {unknown}
 E - a potion of brilliance {unknown}
 F - 2 potions of degeneration {unknown}
 I - a potion of beneficial mutation {unknown}
 J - a potion of agility {unknown}
 N - a potion of berserk rage {unknown}
 R - a potion of magic {unknown}
 T - a potion of cancellation {unknown}
Comestibles
 g - 5 bread rations
 j - 2 meat rations


   Skills:
 - Level 2.4 Fighting
 - Level 2.1 Short Blades
 * Level 13.6 Maces & Flails
 - Level 2.0 Throwing
 + Level 4.4 Armour
 + Level 4.6 Dodging
 - Level 3.2 Stealth


You had 8 spell levels left.
You didn't know any spells.

Dungeon Overview and Level Annotations

Branches:
Dungeon (8/15)             Temple (1/1) D:4
   Lair: D:8-11

Altars:
Ashenzari
Cheibriados
Dithmenos
Elyvilon
Fedhas
Gozag
Kikubaaqudgha
Makhleb
Nemelex Xobeh
Okawaru
Ru
Sif Muna
Vehumet
Xom
Yredelemnul
Zin
The Shining One

Annotations:
D:7 Joseph


Innate Abilities, Weirdness & Mutations

You reflexively headbutt those who attack you in melee.
You have a pair of horns on your head.


Message History

The hill giant is moderately wounded.
The hill giant hits you with a giant spiked club!!!
Ouch! That really hurt!
You are feeling very hungry.
Read which item? (? for menu, Esc to quit)
Okay, then.
You completely miss the hill giant. You headbutt the hill giant!
The hill giant is moderately wounded.
Your scale mail prevents you from hitting the hill giant.
You headbutt the hill giant!
The hill giant is heavily wounded.
You hit the hill giant. Your headbutt misses the hill giant.
The hill giant is heavily wounded.
The hill giant hits you with a giant spiked club!
You hit the hill giant but do no damage.
The hill giant is heavily wounded.
You hit the hill giant!
The hill giant is severely wounded.
The hill giant hits you with a giant spiked club!!
You die...

######.....##..........#.##
...........#########.....#
...........## ##....#
########....## ##..## #
#......## ##.### #.......##
##....## ##..##....##
###......##
#..###.....###...##....#
### ##..#
##...C@....###...##
..###..## #......#...#...##
.......#####....####.....##
####...........## ##....# #
#.........<.# ##...### #
#...#######.## #......## #
##..##
#...#..#####..###..###
###...#
###............####..###
.##..## ###....##....##
###...


You could see a hill giant.

Vanquished Creatures
  Pikel (D:8)
  Maurice (D:8)
  2 phantoms
  2 ogres
  3 centaurs
  3 giant frogs
  A killer bee (D:7)
  2 scorpions
  5 hounds
  3 crimson imps
  2 giant frog zombies
  A goliath beetle (D:7)
  A centaur zombie (Ossuary)
  3 orc priests
  A giant frog skeleton (D:5)
  A human zombie (Ossuary)
  4 jellies
  An iguana (D:6)
  3 orc wizards
  7 worker ants
  A hound skeleton (D:6)
  A hound zombie (D:6)
  3 mummies (Ossuary)
  A worker ant zombie (D:5)
  8 adders
  4 gnolls
  2 giant mites
  2 shadow imps
  A worm (D:2)
  An adder zombie (D:6)
  2 adder skeletons
  7 giant geckos
  17 orcs
  2 bat skeletons
  A bat zombie (D:6)
  A gnoll zombie (Ossuary)
  11 goblins
  15 hobgoblins
  12 jackals
  3 quokkas
  2 ball pythons
  10 bats
  5 giant newts
  A giant spore (D:7)
  A hobgoblin zombie (Ossuary)
  10 kobolds
  A kobold zombie (Ossuary)
  3 orc zombies (Ossuary)
  A quokka zombie (D:8)
  8 rats
  A ballistomycete (D:7)
185 creatures vanquished.

Notes
Turn   | Place    | Note
--------------------------------------------------------------
     0 | D:1      | Fiveotanaka, the Minotaur Assassin, began the quest for the Orb.
     0 | D:1      | Reached XP level 1. HP: 18/18 MP: 1/1
   225 | D:1      | Reached skill level 1 in Maces & Flails
   279 | D:1      | Reached XP level 2. HP: 8/25 MP: 1/1
   848 | D:1      | Reached XP level 3. HP: 30/30 MP: 2/2
  1307 | D:2      | Reached skill level 4 in Maces & Flails
  1307 | D:2      | Reached XP level 4. HP: 34/37 MP: 2/2
  2048 | D:3      | Reached skill level 5 in Maces & Flails
  2051 | D:3      | Reached XP level 5. HP: 30/42 MP: 2/2
  2600 | D:3      | Reached skill level 6 in Maces & Flails
  2654 | D:3      | Found a shimmering altar of Xom.
  2941 | D:4      | Reached skill level 7 in Maces & Flails
  2941 | D:4      | Reached XP level 6. HP: 32/50 MP: 3/3
  3013 | D:4      | Found a shadowy altar of Dithmenos.
  3070 | D:4      | Found a sand-covered staircase.
  3119 | Ossuary  | Entered an ossuary
  3769 | D:4      | Reached skill level 8 in Maces & Flails
  3837 | D:4      | Found a staircase to the Ecumenical Temple.
  3842 | D:4      | Noticed a phantom
  3873 | D:4      | Killed a phantom
  3876 | Temple   | Entered the Ecumenical Temple
  4090 | D:4      | Reached XP level 7. HP: 53/56 MP: 3/3
  4094 | D:4      | Reached skill level 9 in Maces & Flails
  4237 | D:5      | Entered Level 5 of the Dungeon
  4482 | D:5      | Reached skill level 10 in Maces & Flails
  4899 | D:5      | Reached XP level 8. HP: 38/62 MP: 3/3
  5122 | D:5      | Reached skill level 11 in Maces & Flails
  5533 | D:5      | Found a burning altar of Makhleb.
  5904 | D:6      | Reached skill level 12 in Maces & Flails
  6362 | D:6      | Reached skill level 1 in Armour
  6677 | D:6      | Found a glowing golden altar of the Shining One.
  6677 | D:6      | Found a sparkling altar of Nemelex Xobeh.
  7710 | D:7      | Reached XP level 9. HP: 50/68 MP: 4/4
  7842 | D:7      | Noticed Joseph
  8100 | D:8      | Noticed Maurice
  8333 | D:8      | Found a sacrificial altar of Ru.
  8343 | D:8      | Became a worshipper of Ru the Awakened
  8375 | D:8      | Reached skill level 13 in Maces & Flails
  8386 | D:8      | Noticed Pikel
  8410 | D:8      | Killed Pikel
  8476 | D:8      | Killed Maurice
  9027 | D:8      | Noticed a hill giant
  9064 | D:8      | Mangled by a hill giant

Action                   |  1- 3 |  4- 6 |  7- 9 || total
-------------------------+-------+-------+-------++-------
Melee: Club              |   111 |    63 |       ||   174
       Dagger            |     6 |       |       ||     6
       Flail             |       |   131 |   345 ||   476
  Use: Scroll            |       |     3 |     4 ||     7
 Stab: Sleeping          |     1 |     7 |     3 ||    11
       Distracted        |       |     1 |       ||     1
  Eat: Chunk             |     1 |     7 |    14 ||    22
       Pizza             |       |     1 |     1 ||     2
